 Dungeon Crawl Stone Soup version 0.30-a0-756-gc2185399d4 (webtiles) character file.

Game seed: 17456376780663998157

82966 mopl the Covert (level 15, -5/78 HPs)
             Began as a Vine Stalker Brigand on Feb 8, 2023.
             Was the Champion of Dithmenos.
             Killed from afar by an orc wizard (11 damage)
             ... with a puff of flame
             ... on level 1 of the Orcish Mines on Feb 9, 2023.
             The game lasted 00:40:06 (19176 turns).

mopl the Covert (Vine Stalker Brigand)             Turns: 19176, Time: 00:40:06

Health: -5/78      AC:  8    Str: 17    XL:     15   Next: 75%
Magic:  0/22       EV: 11    Int: 16    God:    Dithmenos [******]
Gold:   614        SH:  6    Dex: 21    Spells: 12/20 levels left

rFire   . . .      SeeInvis .    a - +2 dagger (venom)
rCold   . . .      Faith    .    E - +0 buckler
rNeg    . . .      Spirit   +    n - +1 troll leather armour of Calculation {Regen+ Str+3}
rPois   .          Reflect  .    W - +0 helmet {Int+3}
rElec   .          Harm     .    c - +0 cloak
rCorr   .          Rampage  .    r - +0 pair of gloves
Will    +....                    (no boots)
Stlth   ++++++++++               F - amulet of the acrobat
HPRegen 1.93/turn                M - +4 ring of slaying
MPRegen 0.18/turn                T - +4 ring of slaying

@: wreathed by umbra
A: fangs 3, regeneration 1, magic shield, antimagic bite, no potion heal 2
a: Renounce Religion, Shadow Step, Shadow Form


You were on level 1 of the Orcish Mines.
You worshipped Dithmenos.
Dithmenos was exalted by your worship.
You visited 4 branches of the dungeon, and saw 20 of its levels.
You also visited: Bailey.

You collected 1317 gold pieces.
You spent 703 gold pieces at shops.

Inventory:

Hand Weapons
 a - a +2 dagger of venom (weapon)
 b - a +2 dagger of draining
Missiles
 d - 44 poisoned darts (quivered)
 e - 6 curare-tipped darts
 k - 10 throwing nets
 p - 2 silver boomerangs
 q - 12 javelins
 G - 10 boomerangs
Armour
 c - a +0 cloak (worn)
 n - the +1 troll leather armour of Calculation (worn) {Regen+ Str+3}
   (You bought it in a shop on level 10 of the Dungeon)

   Str:       It affects your strength (+3).
   Regen:     It increases your rate of health regeneration.
 r - a +0 pair of gloves (worn)
 E - a +0 buckler (worn)
 W - a +0 helmet of intelligence (worn)
Jewellery
 h - a ring of positive energy
 s - a ring of resist corrosion
 F - an amulet of the acrobat (around neck)
 M - a +4 ring of slaying (left hand)
 T - a +4 ring of slaying (right hand)
Wands
 l - a wand of roots (3)
 B - a wand of mindburst (6)
 K - a wand of charming (4)
 N - a wand of polymorph (10)
 O - a wand of light (6)
 R - a wand of digging (4)
Scrolls
 i - 3 scrolls of magic mapping
 m - a scroll of blinking {unknown}
 w - 4 scrolls of amnesia {unknown}
 y - 4 scrolls of teleportation {unknown}
 A - 2 scrolls of enchant weapon {unknown}
 D - 3 scrolls of immolation {unknown}
 H - 3 scrolls of fog {unknown}
 I - a scroll of torment {unknown}
 J - 4 scrolls of enchant armour {unknown}
 L - 3 scrolls of fear {unknown}
 P - 5 scrolls of vulnerability
 U - a scroll of summoning
 Z - a scroll of poison
Potions
 f - 12 potions of curing
 g - 6 potions of haste
 j - a potion of ambrosia
 o - 5 potions of flight
 u - 4 potions of lignification {!q}
 x - 2 potions of might
 z - 2 potions of cancellation
 C - 2 potions of magic
 V - a potion of berserk rage {!q}
 X - a potion of resistance


   Skills:
 + Level 8.7 Fighting
 + Level 9.0 Short Blades
 + Level 9.0 Throwing
 - Level 0.7 Dodging
 + Level 13.1 Stealth
 + Level 6.6 Shields
 - Level 3.0 Spellcasting
 + Level 8.4 Hexes
 - Level 5.0 Transmutations
 - Level 3.0 Ice Magic
 + Level 4.5 Air Magic
 - Level 5.0 Earth Magic
 + Level 8.2 Invocations
 + Level 8.3 Evocations


You had 12 spell levels left.
You knew the following spells:

 Your Spells              Type           Power      Damage    Failure   Level
a - Apportation           Tloc           4%         N/A       28%         1
b - Ensorcelled Hibernat  Hex/Ice        40%        N/A       4%          2
n - Swiftness             Air            17%        N/A       13%         3
p - Passwall              Tmut/Erth      15%        N/A       5%          2

Your spell library contained the following spells:

 Spells                   Type           Power      Damage    Failure   Level
 Sandblast                Erth           36%        2d10      3%          1
 Portal Projectile        Hex/Tloc       30%        N/A       16%         3
 Leda's Liquefaction      Hex/Erth       11%        N/A       19%         4
 Magic Dart               Conj           8%         1d3       28%         1
 Necrotise                Necr           8%         1d4       28%         1
 Summon Small Mammal      Summ           8%         N/A       28%         1
 Spider Form              Tmut/Pois      10%        N/A       30%         3
 Stone Arrow              Conj/Erth      20%        3d8       30%         3
 Vhi's Electric Charge    Tloc/Air       18%        N/A       34%         3
 Searing Ray              Conj           4%         2d4       41%         2
 Anguish                  Hex/Necr       7%         N/A       45%         4
 Fulminant Prism          Conj/Hex       7%         3d6       45%         4
 Call Canine Familiar     Summ           2%         N/A       65%         3
 Olgreb's Toxic Radiance  Pois           2%         N/A       96%         4
 Arcjolt                  Conj/Air       4%         1d14      97%         5
 Eringya's Noxious Bog    Tmut/Pois      5%         N/A       100%        6
 Starburst                Conj/Fire      1%         6d3       100%        6
 Maxwell's Capacitive Co  Air            8%         ∞         100%        8


Dungeon Overview and Level Annotations

Branches:
Dungeon (12/15)            Temple (1/1) D:5            Lair (5/5) D:11
 Shoals (0/4) Lair:2       Spider (0/4) Lair:2        Slime (0/5) Lair:4
    Orc (2/2) D:12         Bailey (visited)
    Elf: Orc:2

Altars:
Ashenzari
Cheibriados
Dithmenos
Elyvilon
Fedhas
Gozag
Hepliaklqana
Kikubaaqudgha
Makhleb
Nemelex Xobeh
Okawaru
Qazlal
Ru
Sif Muna
Trog
Uskayaw
Vehumet
Wu Jian
Xom
Yredelemnul
Zin
The Shining One

Shops:
D:2 :   D:4 [   D:10 *[(   Orc:1 [

Annotations:
Lair:4 exclusion: 2 oklob plants


Innate Abilities, Weirdness & Mutations

You have razor-sharp teeth.
Your natural rate of healing is unusually fast.
When hurt, damage is shared between your health and your magic reserves.
Your bite disrupts and absorbs the magic of your enemies.
Potions cannot restore your health.


Message History

An orc comes into view. It is wielding a +0 mace.
You hit the troll.
The troll is severely wounded.
You hit the troll. Your bite misses the troll.
The troll is almost dead.
The orc hits you but does no damage. The troll misses you.
The troll claws you but does no damage. The troll claws you!
Something hits you but does no damage.
The orc warrior hits you with a +0 long sword.
You puncture the troll!
You kill the troll!
Dithmenos accepts your kill.
You puncture the orc warrior!
The orc warrior is moderately wounded.
The orc hits you with a +0 hand axe. You block something's attack.
The orc warrior hits you with a +0 long sword!
The orc priest calls down the wrath of Beogh upon you.
Beogh smites you!
* * * LOW HITPOINT WARNING * * *
You are too injured to fight recklessly!
You are too injured to fight recklessly!
Okay, then.
The orc attacks as you move away! The orc hits you but does no damage.
The orc priest calls down the wrath of Beogh upon you.
Beogh smites you!
* * * LOW HITPOINT WARNING * * *
Something misses you.
The orc priest calls down the wrath of Beogh upon you.
Beogh smites you!
* * * LOW HITPOINT WARNING * * *
The orc warrior shoots a bolt.
Okay, then.
Okay, then.
As you read the scroll labelled NAUTUA ILLUWK, it crumbles to dust.
You feel aware of your surroundings.
It was a scroll of magic mapping.
The orc priest mumbles some strange prayers to Beogh against you.
You hear some strange, mumbled words.
A puff of flame appears from out of thin air!
The puff of flame hits you!
You die...

#..............,,,,,,,,,,,
##...............,,,,,,,,,
#.......).#......#,,,,,,,*
#...))............,,,,*,**
##.#[#(#..........,,,*,**
#...><[)..........,,,,,,*
#....)............,,,,,**
#....§.§...........,,,,,**
#...§§§§.@o....^...,,,,***
##......o{o#.....$.,,,,,**
#......o..†.......,,,,,,,
##∩....#$o........,,,,,,,
##.....#...........,,,,,,,
#..........[o......,,,,,,,
##..#.......o....>.,,,,,,,
#...[.....$.......,,,,,,,
##..[[.#..........,,*,,,,


You could see 2 orc warriors, 2 orc priests and 3 orcs.

Vanquished Creatures
  Nessos (Lair:3)
  Josephine (Orc:1)
  Harold (D:11)
  4 hydras
  5 two-headed ogres
  A merfolk avatar (Lair:5)
  2 boulder beetles (D:11)
  An orc high priest (Orc:2)
  Urug (D:11)
  A lindwurm (Lair:4)
  An orc sorcerer (Orc:1)
  2 cyclopes
  6 orc knights
  4 oklob plants (Lair:2)
  A manticore (Lair:2)
  24 elephants
  Joseph (D:8)
  4 black mambas
  7 cane toads
  2 molten gargoyles
  An unseen horror (D:12)
  Maggie (D:8)
  A gargoyle (D:12)
  A kobold demonologist (D:12)
  2 rime drakes (Lair:1)
  Psyche (D:8)
  5 komodo dragons
  A meliai (Lair:2)
  23 blink frogs
  A hornet (D:8)
  5 trolls
  2 wind drakes
  5 polar bears
  Prince Ribbit (D:8)
  4 dream sheep (Lair:3)
  3 snapping turtles
  2 shadows
  3 slime creatures
  33 yaks
  7 wyverns
  A water elemental (D:12)
  3 basilisks
  3 wraiths (Orc:1)
  2 vampire mosquitoes (D:12)
  A steam dragon (Lair:5)
  4 wargs
  13 water moccasins
  An acid dragon (D:8)
  18 orc warriors
  2 ice beasts (D:5)
  A black bear (D:6)
  2 sky beasts
  2 centaurs
  11 wolves
  3 ogres
  10 bullfrogs
  4 kobold brigands
  2 gnoll sergeants
  3 scorpions
  3 necrophages
  14 wights
  13 killer bees
  5 electric eels
  A howler monkey (D:4)
  5 lava snakes (Lair:3)
  2 hounds (D:5)
  15 orc priests
  2 gnoll boudas
  Crazy Yiuf (D:7)
  3 iguanas
  15 orc wizards
  A mummy (D:4)
  21 gnolls
  8 adders
  2 shadow imps (D:5)
  3 white imps
  2 ufetubi (D:4)
  A worm (D:2)
  2 dart slugs
  74 orcs
  9 endoplasms
  A giant cockroach (D:1)
  9 goblins
  5 hobgoblins
  7 jackals
  17 kobolds
  5 quokkas
  4 ball pythons
  4 bats
  4 frilled lizards
  6 rats
  A butterfly (Lair:3)
523 creatures vanquished.

Vanquished Creatures (collateral kills)
  A cane toad (Lair:3)
  A bullfrog (Lair:3)
2 creatures vanquished.

Vanquished Creatures (others)
  An elephant (Lair:5)
  14 fungi
  32 plants
47 creatures vanquished.

Grand Total: 572 creatures vanquished

Notes
Turn   | Place    | Note
-------+----------+-------------------------------------------
     0 | D:1      | mopl the Vine Stalker Brigand began the quest for the Orb.
     0 | D:1      | Reached XP level 1. HP: 11/11 MP: 2/2
    58 | D:1      | Reached skill level 5 in Stealth
   130 | D:1      | Reached skill level 2 in Short Blades
   130 | D:1      | Reached skill level 2 in Throwing
   130 | D:1      | Reached XP level 2. HP: 15/15 MP: 3/3
   667 | D:2      | Reached XP level 3. HP: 18/18 MP: 4/4
   734 | D:2      | Found a shimmering altar of Xom.
   952 | D:2      | Gained mutation: Your natural rate of healing is unusually
                  | fast. [Vine Stalker growth]
   952 | D:2      | Reached XP level 4. HP: 14/23 MP: 5/5
   952 | D:2      | Found Awoveces's Vocational Training.
  2038 | D:4      | Noticed a necrophage
  2057 | D:4      | Killed a necrophage
  2058 | D:4      | Reached skill level 2 in Fighting
  2058 | D:4      | Reached skill level 3 in Throwing
  2058 | D:4      | Reached skill level 6 in Stealth
  2058 | D:4      | Reached XP level 5. HP: 22/26 MP: 6/6
  2077 | D:4      | Reached skill level 3 in Short Blades
  2105 | D:4      | Reached skill level 1 in Evocations
  2353 | D:4      | Reached XP level 6. HP: 32/32 MP: 7/7
  2742 | D:4      | Found Eplene's Antique Armour Emporium.
  2748 | D:4      | Found a snail-covered altar of Cheibriados.
  3071 | D:5      | Entered Level 5 of the Dungeon
  3163 | D:5      | Reached skill level 1 in Shields
  3163 | D:5      | Reached skill level 2 in Evocations
  3163 | D:5      | Reached XP level 7. HP: 35/35 MP: 8/8
  3345 | D:5      | Reached skill level 3 in Fighting
  3505 | D:5      | Reached skill level 7 in Stealth
  3629 | D:5      | Reached skill level 4 in Throwing
  3765 | D:5      | Noticed a two-headed ogre
  3797 | D:5      | Killed a two-headed ogre
  3798 | D:5      | Reached skill level 4 in Fighting
  3798 | D:5      | Reached skill level 4 in Short Blades
  3798 | D:5      | Reached skill level 2 in Shields
  3798 | D:5      | Reached skill level 3 in Evocations
  3798 | D:5      | Gained mutation: You have razor-sharp teeth. [Vine Stalker
                  | growth]
  3798 | D:5      | Reached XP level 8. HP: 42/42 MP: 9/9
  3963 | D:5      | Found a staircase to the Ecumenical Temple.
  3980 | Temple   | Entered the Ecumenical Temple
  4053 | Temple   | Became a worshipper of Dithmenos the Shadowed
  4138 | D:5      | Found a glowing golden altar of the Shining One.
  4312 | D:6      | Reached skill level 8 in Stealth
  4312 | D:6      | Reached skill level 3 in Shields
  4358 | D:5      | Reached skill level 1 in Invocations
  4358 | D:5      | Reached XP level 9. HP: 23/45 MP: 10/10
  4675 | D:6      | Found a bloodstained altar of Trog.
  4675 | D:6      | Found a sparkling altar of Nemelex Xobeh.
  4678 | D:6      | Found a basalt altar of Yredelemnul.
  4689 | D:6      | Reached skill level 5 in Throwing
  5233 | D:7      | Reached skill level 4 in Evocations
  5263 | D:7      | Reached * piety under Dithmenos
  5456 | D:7      | Got the Precepts of Smouldering Vitiation
  5587 | D:7      | Learned a level 1 spell: Apportation
  5773 | D:7      | Reached skill level 5 in Short Blades
  5773 | D:7      | Reached skill level 2 in Invocations
  5952 | D:7      | Found a runed translucent door.
  5953 | D:7      | Noticed Crazy Yiuf
  5960 | D:7      | Killed Crazy Yiuf
  5962 | D:7      | Identified the +4 hammer "Kufuyrch" {flame, rElec Will+
                  | Str+5}
  6235 | D:8      | Learned a level 2 spell: Ensorcelled Hibernation
  6238 | D:8      | Learned a level 2 spell: Passwall
  6250 | D:8      | Reached skill level 5 in Fighting
  6269 | D:8      | Noticed Prince Ribbit
  6279 | D:8      | Killed Prince Ribbit
  6280 | D:8      | Reached skill level 4 in Shields
  6329 | D:8      | Reached skill level 9 in Stealth
  6329 | D:8      | Reached skill level 3 in Invocations
  6329 | D:8      | Reached XP level 10. HP: 51/51 MP: 13/13
  6411 | D:8      | Noticed Joseph
  6416 | D:8      | Killed Joseph
  6429 | D:8      | Noticed Maggie
  6435 | D:8      | Noticed Psyche
  6436 | D:8      | Killed Maggie
  6440 | D:8      | Killed Psyche
  6441 | D:8      | Reached skill level 5 in Evocations
  6471 | D:8      | Reached skill level 6 in Throwing
  6700 | D:9      | Reached skill level 6 in Short Blades
  6768 | D:9      | Reached skill level 4 in Invocations
  6805 | D:8      | Reached ** piety under Dithmenos
  6963 | D:9      | Noticed a two-headed ogre
  6971 | D:9      | HP: 2/43 [kobold/+2 short sword of protection (1)]
  7166 | D:9      | Reached skill level 6 in Fighting
  7380 | D:9      | Reached skill level 10 in Stealth
  7414 | D:9      | Reached XP level 11. HP: 33/56 MP: 13/15
  7903 | D:9      | Reached skill level 5 in Invocations
  8555 | D:9      | Killed a two-headed ogre
  8556 | D:9      | Reached skill level 6 in Evocations
  8961 | D:10     | Entered Level 10 of the Dungeon
  8964 | D:10     | Noticed a two-headed ogre
  9030 | D:9      | Killed a two-headed ogre
  9056 | D:10     | Found a radiant altar of Vehumet.
  9082 | D:10     | Found Red Obeu's Assorted Antiques.
  9086 | D:10     | Bought a silvery potion for 23 gold pieces
  9132 | D:10     | Found a flagged portal.
  9141 | Bailey   | Entered a bailey
  9222 | Bailey   | Noticed an orc knight
  9345 | Bailey   | Killed an orc knight
  9364 | Bailey   | Reached *** piety under Dithmenos
  9407 | Bailey   | Identified the +1 plate armour "Gimihaom" {rF++}
  9438 | Bailey   | Reached skill level 7 in Short Blades
  9438 | Bailey   | Reached skill level 7 in Throwing
  9528 | D:10     | Found Tyjatawk's Antique Armour Boutique.
  9658 | D:10     | Found a sacrificial altar of Ru.
  9702 | D:10     | Found a glowing silver altar of Zin.
  9702 | D:10     | Found a stormy altar of Qazlal.
  9748 | D:10     | Found Jinawifu's Antique Weapon Boutique.
  9910 | D:11     | Learned a level 3 spell: Swiftness
  9973 | D:11     | Noticed a cyclops
  9976 | D:11     | Killed a cyclops
  9984 | D:11     | Noticed a two-headed ogre
  9987 | D:11     | Killed a two-headed ogre
 10027 | D:11     | Noticed a boulder beetle
 10034 | D:11     | Killed a boulder beetle
 10035 | D:11     | Reached skill level 11 in Stealth
 10035 | D:11     | Reached skill level 1 in Spellcasting
 10035 | D:11     | Reached skill level 1 in Hexes
 10035 | D:11     | Reached skill level 1 in Transmutations
 10035 | D:11     | Reached skill level 1 in Earth Magic
 10045 | D:11     | Noticed a two-headed ogre
 10094 | D:11     | Killed a two-headed ogre
 10329 | D:11     | Found a staircase to the Lair.
 10391 | D:11     | Reached skill level 6 in Invocations
 10509 | D:11     | Noticed a boulder beetle
 10512 | D:11     | Killed a boulder beetle
 10513 | D:11     | Reached skill level 7 in Fighting
 10513 | D:11     | Reached XP level 12. HP: 63/63 MP: 17/17
 10529 | D:11     | Noticed Urug
 10546 | D:11     | Killed Urug
 10547 | D:11     | Reached skill level 2 in Transmutations
 10581 | D:11     | Noticed Harold
 10594 | D:11     | Killed Harold
 10926 | D:12     | Reached skill level 2 in Spellcasting
 10926 | D:12     | Reached skill level 2 in Hexes
 10965 | D:11     | Reached skill level 2 in Earth Magic
 11059 | D:12     | Noticed a sun demon
 11228 | D:12     | Reached **** piety under Dithmenos
 12203 | D:12     | Found a staircase to the Orcish Mines.
 12358 | Lair:1   | Entered Level 1 of the Lair of Beasts
 12593 | Lair:1   | Reached skill level 7 in Evocations
 12732 | Lair:1   | Reached skill level 3 in Transmutations
 12754 | Lair:1   | Reached skill level 3 in Hexes
 12761 | Lair:1   | Reached skill level 3 in Spellcasting
 12896 | Lair:1   | Reached skill level 5 in Shields
 12896 | Lair:1   | Reached skill level 3 in Earth Magic
 13010 | Lair:1   | Reached skill level 1 in Air Magic
 13337 | Lair:2   | Reached XP level 13. HP: 29/67 MP: 9/19
 13399 | Lair:2   | Reached ***** piety under Dithmenos
 13494 | Lair:2   | Reached skill level 8 in Short Blades
 13494 | Lair:2   | Reached skill level 8 in Throwing
 13494 | Lair:2   | Reached skill level 1 in Ice Magic
 13582 | Lair:2   | Found a hole to the Spider Nest.
 14025 | Lair:2   | Found a staircase to the Shoals.
 14246 | Lair:2   | Reached skill level 12 in Stealth
 14246 | Lair:2   | Reached skill level 2 in Air Magic
 14246 | Lair:2   | Reached skill level 7 in Invocations
 14337 | Lair:2   | Reached skill level 4 in Transmutations
 14824 | D:10     | Bought a bloodstained troll leather armour for 680 gold
                  | pieces
 14824 | D:10     | Identified the +1 troll leather armour of Calculation
                  | {Regen+ Str+3} (You bought it in a shop on level 10 of the
                  | Dungeon)
 14946 | Lair:3   | Reached skill level 4 in Hexes
 14946 | Lair:3   | Reached skill level 2 in Ice Magic
 15401 | Lair:3   | Noticed Nessos
 15431 | Lair:3   | Killed Nessos
 15432 | Lair:3   | Reached skill level 4 in Earth Magic
 16116 | Lair:3   | Upgraded the game from 0.30-a0-748-ge6a52f7cba to
                  | 0.30-a0-756-gc2185399d4
 16223 | Lair:4   | Reached skill level 8 in Fighting
 16422 | Lair:4   | Reached skill level 3 in Ice Magic
 16478 | Lair:4   | Reached skill level 3 in Air Magic
 16547 | Lair:4   | Reached XP level 14. HP: 60/73 MP: 20/20
 16754 | Lair:4   | Reached skill level 6 in Shields
 16792 | Lair:4   | Found a staircase to the Slime Pits.
 17154 | Lair:5   | Entered Level 5 of the Lair of Beasts
 17406 | Lair:5   | Reached skill level 5 in Transmutations
 17456 | Lair:5   | Reached skill level 7 in Hexes
 17456 | Lair:5   | Reached XP level 15. HP: 60/77 MP: 18/21
 17528 | Lair:5   | Reached skill level 8 in Hexes
 17541 | Lair:5   | Reached skill level 8 in Evocations
 17575 | Lair:5   | Reached skill level 5 in Earth Magic
 17878 | Lair:5   | Reached skill level 4 in Air Magic
 17919 | Lair:5   | Reached skill level 8 in Invocations
 18163 | Lair:5   | Identified the +9 spear of Erghuwk {protect, rPois rC++
                  | rCorr Dex-2}
 18168 | Lair:5   | Identified the +9 trident of Fieho {flame, rElec Str+3}
 18600 | Orc:1    | Entered Level 1 of the Orcish Mines
 18600 | Orc:1    | Found Ynlicur's Armour Shop.
 18683 | Orc:2    | Entered Level 2 of the Orcish Mines
 18723 | Orc:1    | Reached ****** piety under Dithmenos
 19010 | Orc:1    | Reached skill level 9 in Short Blades
 19010 | Orc:1    | Reached skill level 13 in Stealth
 19016 | Orc:1    | Noticed Josephine
 19035 | Orc:1    | Killed Josephine
 19067 | Orc:1    | Reached skill level 9 in Throwing
 19176 | Orc:1    | Killed from afar by an orc wizard

Illustrated notes

Levels and vault maps discovered:
D:1:      eino_arrival_water_cross, layout_rooms, minmay_misc_feat_square
D:2:      layout_rooms, basic_altar, nicolae_shop_vocational
D:3:      layout_basic, roderic_serpentine_path, amcnicky_mini_corridor_feature
D:4:      layout_basic, slow_altar_1, serial_shops, nicolae_shop_behind_doors
D:5:      minmay_spotlight, layout_basic, mainiacjoe_overflow_alcove_1,
          minmay_temple_entry_drinking_statues
D:6:      wad_pebble_path, layout_cave_pods, nicolae_overflow_two_pavilions,
          yredelemnul_altar_generic, serial_column_ruins, column_ruins_hut,
          column_ruins_hut, column_ruins_open_small, column_ruins_open_medium,
          column_ruins_open_small_water, column_ruins_grid_1,
          column_ruins_open_small, column_ruins_grid_1
D:7:      layout_loops_ring, corexii_item_surrounded_by_moat,
          uniq_crazy_yiuf_cottage
D:8:      layout_loops_cross, uniq_joseph, uniq_maggie, uniq_prince_ribbit1,
          uniq_psyche
D:9:      layout_stronghold
D:10:     layout_rooms, mainiacjoe_overflow_tiny_flanked,
          mainiacjoe_overflow_chevrons, mainiacjoe_overflow_divided_tiny,
          enter_bailey_3, serial_shops, nicolae_shop_trees,
          nicolae_shop_behind_doors, nicolae_lakefront_shop
D:11:     layout_loops_corners, lair_entry_dummy, serial_glass, glass_columns_a,
          glass_columns_b, uniq_harold, uniq_urug
D:12:     layout_basic, david_orc_4
Temple:   nicolae_temple_god_jail
Lair:1:   layout_roguey, infiniplex_staircase_pool, grunt_megastairs_4,
          serial_bayou_shore_b, lemuel_fruit_tree
Lair:2:   minmay_lair_oklob_tunnel, layout_long_grid,
          minmay_shoals_entry_beasts, hellmonk_spider_entry_not_the_bees
Lair:3:   cheibrodos_magma_flow, layout_concentric_octagons,
          lemuel_fruit_fields, grunt_megastairs_3, uniq_nessos
Lair:4:   layout_gridlike, minmay_slime_entry_oklob_open,
          eino_small_chamber_without_monster
Lair:5:   gammafunk_lair_ancient_temple, layout_regular_city
Orc:1:    layout_caves, serial_shops, shop, special_room [special_room_orc],
          uniq_josephine
Orc:2:    st_orc_congregation, layout_caves, kennysheep_orc_chapel

Skill      XL: |  1  2  3  4  5  6  7  8  9 10 11 12 13 14 15 |
---------------+----------------------------------------------+-----
Stealth        | 5 6 7 8 9 10 11 12 13 | 13.1
Short Blades   | 2 3 4 5 6 7 8 9 |  9.0
Throwing       | 2 3 4 5 6 7 8 9 |  9.0
Fighting       | 2 4 5 6 7 8 |  8.7
Evocations     | 1 2 3 4 5 6 7 8 |  8.3
Shields        | 1 2 3 4 5 6 |  6.6
Invocations    | 1 3 4 6 7 8 |  8.2
Spellcasting   | 1 3 |  3.0
Hexes          | 1 3 4 7 8 |  8.4
Transmutations | 1 3 4 5 |  5.0
Earth Magic    | 1 3 4 5 |  5.0
Air Magic      | 1 3 4 |  4.5
Ice Magic      | 3 |  3.0
Dodging        | |  0.7

Action                     |  1- 3 |  4- 6 |  7- 9 | 10-12 | 13-15 || total
---------------------------+-------+-------+-------+-------+-------++-------
  Melee: Dagger            |    82 |   218 |   291 |   800 |  1051 ||  2442
         Bite              |    17 |    67 |   119 |   342 |   548 ||  1093
         Punch             |       |     2 |       |       |       ||     2
         Mace              |       |       |     5 |       |       ||     5
  Throw: Dart              |       |       |     7 |    26 |    22 ||    55
   Cast: Apportation       |       |       |     1 |       |     2 ||     3
         Passwall          |       |       |       |       |     4 ||     4
         Ensorcelled Hiber |       |       |       |       |     5 ||     5
  Evoke: Wand              |       |       |       |     5 |    13 ||    18
    Use: Scroll            |       |     8 |     2 |     5 |     5 ||    20
         Potion            |       |       |       |       |     2 ||     2
   Stab: Sleeping          |    13 |    10 |    12 |    55 |    37 ||   127
         Distracted        |       |       |     1 |     2 |     1 ||     4
         Invisible         |       |       |       |       |     7 ||     7
 Armour: Robe              |    16 |    44 |    77 |     1 |       ||   138
         Steam dragon scal |       |       |       |   153 |    38 ||   191
         Troll leather arm |       |       |       |       |   250 ||   250
  Dodge: Dodged            |    27 |    59 |   130 |   342 |   511 ||  1069
  Block: Other             |    10 |    20 |       |       |       ||    30
         Buckler           |       |    38 |    52 |   168 |   263 ||   521

Table legend: (Time is in decaauts)
 A = Elapsed time spent in this place.
 B = Non-inter-level travel time spent in this place.
 C = Inter-level travel time spent in this place.
 D = Time resting spent in this place.
 E = Time spent auto-exploring this place.
 F = Levels seen in this place.
 G = Mean time per level.
                   A        B        C        D        E       F      G
               +--------+--------+--------+--------+--------+-----+--------+
         Total |  18463 |  17176 |   1287 |    476 |  11823 |  21 |  879.2 |
       Dungeon |  11880 |  11160 |    720 |    225 |   8258 |  12 |  990.0 |
        Temple |     96 |     79 |     17 |      0 |     20 |   1 |   96.0 |
          Lair |   5669 |   5143 |    526 |    248 |   3277 |   5 | 1133.8 |
  Orcish Mines |    464 |    441 |     23 |      3 |    152 |   2 |  232.0 |
        Bailey |    352 |    352 |      0 |      0 |    115 |   1 |  352.0 |
               +--------+--------+--------+--------+--------+-----+--------+

Top non-repeatable levels by time:
     D:9: 2147 daAuts
  Lair:2: 1601 daAuts
    D:12: 1453 daAuts
  Lair:5: 1114 daAuts
    D:11: 1112 daAuts
  Lair:3: 1086 daAuts
     D:5: 1054 daAuts
     D:4: 1024 daAuts
  Lair:4: 981 daAuts
     D:6: 957 daAuts
  Lair:1: 885 daAuts
     D:3: 876 daAuts
     D:7: 805 daAuts
     D:8: 779 daAuts
     D:1: 618 daAuts
